 Dungeon Crawl Stone Soup version 0.30-a0-272-gf98c3da03f (webtiles) character file.

Game seed: 1998758730540842642

134 lunkers the Slasher (level 5, -3/40 HPs)
             Began as a Meteoran Wanderer on Oct 16, 2022.
             Was a Believer of Jiyva.
             Slain by Sigmund
             ... wielding a +0 scythe
              (10 damage)
             ... on level 4 of the Dungeon.
             The game lasted 00:02:30 (784 turns).

lunkers the Slasher (Meteoran Wanderer)              Turns: 784, Time: 00:02:30

Health: -3/40      AC:  5    Str: 14    XL:     5   Next: 69%
Magic:  6/6        EV: 11    Int: 10    God:    Jiyva [**....]
Gold:   67         SH:  0    Dex: 21    Spells: 4/4 levels left

rFire   . . .      SeeInvis .    a - +2 falchion
rCold   . . .      Faith    .    (no shield)
rNeg    . . .      Spirit   .    e - +0 leather armour
rPois   .          Reflect  .    (no helmet)
rElec   .          Harm     .    (no cloak)
rCorr   +          Rampage  .    m - +1 pair of gloves {Dex+3}
Will    .....                    (no boots)
Stlth   +.........               (no amulet)
HPRegen 1.22/turn                (no ring)
MPRegen 0.40/turn                (no ring)

@: confused, attractive, glowing, invisible (but backlit and visible)
A: sense surroundings 1, otherworldly, glowing, explore regen
a: Renounce Religion


You were on level 4 of the Dungeon.
You worshipped Jiyva.
Jiyva was pleased with you.
You visited 1 branch of the dungeon, and saw 4 of its levels.

You collected 67 gold pieces.

Inventory:

Hand Weapons
 a - a +2 falchion (weapon)
 b - a +0 sling
Missiles
 i - a throwing net
Armour
 c - a +0 kite shield
 e - a +0 leather armour (worn)
 m - a +1 pair of gloves of dexterity (worn)
Scrolls
 d - a scroll of summoning
 h - a scroll of teleportation {unknown}
 j - a scroll of blinking {unknown}
 k - a scroll of butterflies
 o - a scroll of enchant weapon {unknown}
 r - a scroll of brand weapon {unknown}
Potions
 g - a potion of attraction
 l - a potion of magic {unknown}
 n - a potion of flight {unknown}
 p - a potion of lignification {unknown}
 q - a potion of might {unknown}


   Skills:
 - Level 1.1 Fighting
 + Level 6.9 Long Blades
 - Level 1.1 Ranged Weapons
 - Level 1.2 Throwing
 - Level 1.2 Armour
 - Level 2.1 Stealth


You had 4 spell levels left.
You didn't know any spells.
Your spell library was empty.

Dungeon Overview and Level Annotations

Branches:
Dungeon (4/15) Zot: 1613
 Temple: D:4-7

Altars:
Jiyva

Annotations:
D:4 Sigmund


Innate Abilities, Weirdness & Mutations

You passively map a small area around you.
You are easily found by Zot.
You glow in the dark.
You regain HP and MP as you explore.


Message History

You closely miss something. Something hits you but does no damage.
Unknown command.
You slash something!
You hear some strange, mumbled words.
You are confused.
Unknown command.
Something hits you.
* * * LOW HITPOINT WARNING * * *
It was a potion of attraction.
You feel attractive to monsters.
You hear some strange, mumbled words.
Something tries to affect you, but you resist.
Something is attracted toward you.
You miss something. Something hits you but does no damage.
You closely miss something.
You hear some strange, mumbled words.
You are more confused.
You slash something! Something hits you.
* * * LOW HITPOINT WARNING * * *
You barely miss something. Something hits you.
* * * LOW HITPOINT WARNING * * *
A scorpion comes into view.
Something hits you!
* * * LOW HITPOINT WARNING * * *
The scorpion is attracted toward you.
You bump into the rock wall.
Unknown command.
You hear some strange, mumbled words.
Something tries to affect you, but you resist.
Unknown command.
The scorpion attacks as you move away! The scorpion stings you.
* * * LOW HITPOINT WARNING * * *
Something hits you.
* * * LOW HITPOINT WARNING * * *
It was a potion of invisibility.
You become transparent, but the glow from your body prevents you from becoming completely invisible.
The scorpion stings you but does no damage.
Something hits you!
You die...

* * , * #.,#. * #..#.
#..#.# #..#.##
#.....### *
###.......##
,...........#
####....@..# *
#...[...s..###########
.....................#
###..#####P......###.#
* #. *,
,#######..##.#### , ,
,,#,, +, * ,#....bb)..
* , * ,, , #.###.####
, #+#.###b### , ,
.b....bbb.#


You could see a scorpion.

Vanquished Creatures
  A scorpion (D:4)
  Jessica (D:2)
  2 adders
  3 ball pythons
  2 bats (D:3)
  An endoplasm (D:2)
  3 giant cockroaches
  5 hobgoblins
  4 jackals (D:2)
  A frilled lizard (D:3)
  A goblin (D:3)
  5 kobolds
  5 rats
34 creatures vanquished.

Vanquished Creatures (others)
  A jelly (D:3)
  A ball python (D:3)
  A hobgoblin (D:3)
3 creatures vanquished.

Grand Total: 37 creatures vanquished

Notes
Turn   | Place    | Note
-------+----------+-------------------------------------------
     0 | D:1      | lunkers the Meteoran Wanderer began the quest for the Orb.
     0 | D:1      | lunkers set off with the following items: a +2 falchion, a
                  | +0 sling, a +0 pair of gloves, a scroll of summoning, a +0
                  | leather armour.
     0 | D:1      | Reached XP level 1. HP: 16/16 MP: 2/2
    75 | D:2      | Reached skill level 4 in Long Blades
    75 | D:2      | Reached XP level 2. HP: 19/23 MP: 3/3
   113 | D:2      | Reached XP level 3. HP: 23/28 MP: 4/4
   159 | D:2      | Noticed Jessica
   169 | D:2      | Killed Jessica
   170 | D:2      | Reached skill level 5 in Long Blades
   170 | D:2      | Reached XP level 4. HP: 14/35 MP: 5/5
   205 | D:2      | Found a faded altar of an unknown god.
   219 | D:2      | Prayed at the altar of an unknown god.
   219 | D:2      | Became a worshipper of Jiyva Jyly the Shapeless
   219 | D:2      | Reached * piety under Jiyva
   503 | D:3      | Reached ** piety under Jiyva
   509 | D:3      | Reached skill level 6 in Long Blades
   670 | D:4      | Noticed a scorpion
   677 | D:4      | Killed a scorpion
   678 | D:4      | Reached XP level 5. HP: 40/40 MP: 6/6
   751 | D:4      | Noticed Sigmund
   784 | D:4      | Slain by Sigmund

Illustrated notes

Levels and vault maps discovered:
D:1:      beargit_arrival_greenhouse, layout_basic,
          chequers_serial_rivers_micro_c, chequers_big_river, item_on_display_a
D:2:      minmay_evil_eye, layout_loops_ring, shapermc_ecumenical_altar_ellora,
          pf_guarded_unrand_delatra, uniq_jessica
D:3:      layout_loops_corners, uniq_terence
D:4:      corexii_shack_village, layout_loops_ring,
          lemuel_zombie_altar_kikubaaqudgha, uniq_sigmund

Skill      XL: |  1  2  3  4 |
---------------+-------------+-----
Long Blades    | 4 5 6 |  6.9
Fighting       | |  1.1
Ranged Weapons | |  1.1
Throwing       | |  1.2
Armour         | |  1.2
Stealth        | |  2.1

Action                   |  1- 3 |  4- 6 || total
-------------------------+-------+-------++-------
Melee: Falchion          |    34 |    72 ||   106
  Use: Potion            |       |     2 ||     2
       Scroll            |       |     1 ||     1
 Stab: Distracted        |       |     1 ||     1
       Sleeping          |       |     1 ||     1
Armor: Leather armour    |    11 |    27 ||    38
Dodge: Dodged            |    19 |    30 ||    49

Table legend: (Time is in decaauts)
 A = Elapsed time spent in this place.
 B = Non-inter-level travel time spent in this place.
 C = Inter-level travel time spent in this place.
 D = Time resting spent in this place.
 E = Time spent auto-exploring this place.
 F = Levels seen in this place.
 G = Mean time per level.
                   A        B        C        D        E       F      G
               +--------+--------+--------+--------+--------+-----+--------+
         Total |    785 |    722 |     63 |      0 |    360 |   4 |  196.2 |
       Dungeon |    785 |    722 |     63 |      0 |    360 |   4 |  196.2 |
               +--------+--------+--------+--------+--------+-----+--------+

Top non-repeatable levels by time:
     D:3: 291 daAuts
     D:4: 232 daAuts
     D:2: 195 daAuts
     D:1: 65 daAuts
